 Dungeon Crawl Stone Soup version 0.24-a0-464-g6b2be6b8c7 (webtiles) character file.

Game seed: 14777780553426444903

40 Inarius the Chucker (level 3, 0/27 HPs)
             Began as a Demonspawn Hunter on July 3, 2019.
             Succumbed to an adder's poison
             ... on level 2 of the Dungeon.
             The game lasted 00:01:17 (872 turns).

Inarius the Chucker (Demonspawn Hunter)              Turns: 872, Time: 00:01:17

Health: 0/27       AC:  4    Str: 13    XL:     3   Next: 30%
Magic:  3/3        EV: 12    Int: 12    God:
Gold:   77         SH:  0    Dex: 13    Spells: 2/2 levels left

rFire    . . .     SeeInvis .   a - +0 short sword
rCold    . . .     Gourm    .   (no shield)
rNeg     . . .     Faith    .   b - +0 leather armour
rPois    .         Spirit   .   (no helmet)
rElec    .         Reflect  .   g - +0 cloak
rCorr    .         Harm     .   (no gloves)
MR       .....                  (no boots)
Stlth    +.........             (no amulet)
HPRegen  0.09/turn              (no ring)
MPRegen  0.08/turn              (no ring)

@: lethally poisoned (0 -> -3), flying (expiring)
A: powered by pain 1
a: no special abilities


You were on level 2 of the Dungeon.
You were not hungry.

You visited 1 branch of the dungeon, and saw 2 of its levels.

You collected 77 gold pieces.

Inventory:

Hand Weapons
 a - a +0 short sword (weapon)
Missiles
 c - 2 javelins (quivered)
 d - 2 throwing nets
Armour
 b - a +0 leather armour (worn)
 g - a +0 cloak (worn)
Scrolls
 h - a scroll of noise {unknown}
 i - 2 scrolls of teleportation {unknown}
 k - 2 scrolls of identify {unknown}
 l - a scroll of remove curse {unknown}
Comestibles
 f - 2 rations


   Skills:
 + Level 2.1 Fighting
 + Level 4.3 Throwing
 + Level 0.8 Armour
 + Level 2.1 Dodging
 - Level 0.8 Stealth


You had 2 spell levels left.
You didn't know any spells.
Your spell library was empty.

Dungeon Overview and Level Annotations

Branches:
Dungeon (2/15)

Altars:


Innate Abilities, Weirdness & Mutations

You sometimes gain a little power by taking damage.


Message History

The adder bites you but does no damage.
You closely miss the adder.
The adder is almost dead.
* * * LOW HITPOINT WARNING * * *
You feel sick. The adder bites you but does no damage.
The adder barely misses you.
You closely miss the adder.
The adder is almost dead.
The adder completely misses you.
You closely miss the adder.
The adder is almost dead.
* * * LOW HITPOINT WARNING * * *
You feel sick. The adder bites you but does no damage.
You hit the adder.
You kill the adder!
You hit the frilled lizard but do no damage.
The frilled lizard bites you but does no damage.
You closely miss the frilled lizard.
You are starting to lose your buoyancy.
You die...

## .. #.. ..
#.##. # #.#...# #
#.#.#.# .#
#.....##.#
.######.#.#....#
.(.......@...####
.#####.#l#.....#
#.†...###.#
###†(## #...#
...(..#
....##.... .....#
#(..# #.... ..##


You could see a frilled lizard.

Vanquished Creatures
  2 adders (D:2)
  2 leopard geckos (D:1)
  2 giant cockroaches (D:1)
  2 hobgoblins (D:1)
  A quokka (D:2)
  4 bats
  A goblin (D:1)
  6 kobolds (D:1)
  2 rats (D:1)
22 creatures vanquished.

Notes
Turn   | Place    | Note
-------+----------+-------------------------------------------
     0 | D:1      | Inarius the Demonspawn Hunter began the quest for the Orb.
     0 | D:1      | Reached XP level 1. HP: 16/16 MP: 1/1
   239 | D:1      | Reached skill level 4 in Throwing
   239 | D:1      | Gained mutation: You sometimes gain a little power by
                  | taking damage. [demonic ancestry]
   239 | D:1      | Reached XP level 2. HP: 11/22 MP: 2/2
   828 | D:2      | Reached XP level 3. HP: 9/27 MP: 3/3
   869 | D:2      | HP: 1/27 [poisoned by an adder]
   872 | D:2      | Succumbed to an adder's poison

Levels and vault maps discovered:
D:1:      scummos_arrival_simple_fountains, layout_rooms, minmay_distorted
D:2:      layout_loops_ring, gammafunk_temple_overflow_forgotten,
          old_standard_altar, first_ration, minmay_bisected, uniq_natasha

Skill      XL: |  1  2 |
---------------+-------+-----
Throwing       | 4 |  4.3
Dodging        | 2 |  2.1
Fighting       | |  2.1
Armour         | |  0.8
Stealth        | |  0.8

Action                   || total
-------------------------++-------
Melee: Short sword       ||   101
Throw: Javelin           ||     5
  Use: Potion            ||     2
Armor: Leather armour    ||    33
Dodge: Dodged            ||   104

Table legend:
 A = Non-vault XP
 B = Vault XP
 C = Vault XP percentage of total XP
 D = Non-vault monster count
 E = Vault monster count
 F = Vault count percentage of total count
                 A         B        C        D         E       F
            +---------+---------+-------+---------+---------+-------
      Total |      36 |      22 |  37.9 |      16 |       6 |  27.3
            +---------+---------+-------+---------+---------+-------
        D:1 |      23 |       5 |  17.9 |      15 |       3 |  16.7
        D:2 |      13 |      17 |  56.7 |       1 |       3 |  75.0
            +---------+---------+-------+---------+---------+-------
